 Seeded DCSS version 0.31-a0-214-gb37851dbb3 (webtiles) character file.

Game seed: 17612545735370830489 (custom seed)

67 innerfire43 the Trooper (level 4, -7/35 HPs)
             Began as a Demonspawn Monk on July 1, 2023.
             Mangled by Crazy Yiuf
             ... wielding a +4 quarterstaff of chaos
              (12 damage)
             ... on level 2 of the Dungeon.
             The game lasted 00:02:15 (1183 turns).

innerfire43 the Trooper (Demonspawn Monk)           Turns: 1183, Time: 00:02:15

Health: -7/35      AC:  3    Str: 16    XL:     4   Next: 0%
Magic:  4/4        EV: 13    Int: 17    God:
Gold:   189        SH:  0    Dex: 16    Spells: 3/3 levels left

rFire   . . .        h - staff of Disgust {Str+3 Earth}
rCold   . . .        d - orb {light}
rNeg    . . .        b - +0 robe
rPois   .            k - +0 helmet
rElec   .            (no cloak)
rCorr   .            (no gloves)
SInv    +            (no boots)
Will    .....        (no amulet)
Stlth   +            f - +6 ring of intelligence
HPRegen 0.25/turn    l - ring of see invisible
MPRegen 0.09/turn

%: no passive effects
@: confused, mighty, lethally poisoned (-7 -> -9), ambrosia-drunk, glowing
A: powered by pain 1, weakness stinger 1
a: no special abilities


You were on level 2 of the Dungeon.
You visited 1 branch of the dungeon, and saw 2 of its levels.

You collected 189 gold pieces.

Inventory:

Hand Weapons
 a - a +0 hand axe
Armour
 b - a +0 robe (worn)
 d - an orb of light (worn)
 k - a +0 helmet (worn)
Magical Staves
 h - the staff of Disgust (weapon) {Str+3 Earth}
   (You acquired it on level 1 of the Dungeon)

   [staff of earth]

   Base accuracy: +5 Base damage: 5 Base attack delay: 1.2 This weapon's minimum
   attack delay (0.6) is reached at skill level 12.
   Str:       It affects your strength (+3).
   Earth:     It increases the power of your Earth spells.
   It falls into the 'Staves' category.
   It is a one-handed weapon.
Jewellery
 f - a +6 ring of intelligence (left hand)
 l - a ring of see invisible (right hand)
Scrolls
 g - 2 scrolls of identify {unknown}
 i - a scroll of brand weapon {unknown}
 o - 3 scrolls of amnesia {unknown}
Potions
 e - 2 potions of brilliance {unknown}
 j - a potion of heal wounds {unknown}
 m - a potion of mutation {unknown}
 n - a potion of degeneration {unknown}


   Skills:
 - Level 3.2 Fighting
 - Level 2.9 Axes
 + Level 1.4 Staves
 - Level 2.9 Dodging
 * Level 1.2 Earth Magic
 * Level 1.3 Evocations


You had 3 spell levels left.
You didn't know any spells.
Your spell library contained the following spells:

 Spells                   Type           Power      Damage    Failure   Level
 Slow                     Hex            0%         N/A       24%         1
 Confusing Touch          Hex            0%         N/A       56%         3
 Vampiric Draining        Necr           0%         2d6       56%         3
 Volatile Blastmotes      Fire/Tloc      0%         2d10      56%         3
 Fulminant Prism          Conj/Hex       0%         3d5       93%         4
 Iskenderun's Mystic Bla  Conj/Tloc      0%         2d3       93%         4
 Lee's Rapid Deconstruct  Erth           3%         3d5*      99%         5


Dungeon Overview and Level Annotations

Branches:
Dungeon (2/15)

Altars:

Shops:
D:1 ([??

Annotations:
D:2 Crazy Yiuf


Innate Abilities, Weirdness & Mutations

You sometimes gain a little power by taking damage.
You have a small tail.


Message History

You hit Crazy Yiuf.
You tail-slap Crazy Yiuf, but do no damage.
You barely miss Crazy Yiuf.
Crazy Yiuf is lightly wounded.
Crazy Yiuf hits you with a +4 quarterstaff of chaos.
You are confused.
You hit Crazy Yiuf. x2
Crazy Yiuf is moderately wounded.
Crazy Yiuf closely misses you.
You bump into the stone wall.
Crazy Yiuf closely misses you.
You hit Crazy Yiuf but do no damage. x2; You tail-slap Crazy Yiuf.
Crazy Yiuf is heavily wounded.
Crazy Yiuf hits you with a +4 quarterstaff of chaos.
You are poisoned.
Crazy Yiuf whimpers, "Ghoul!
Mugger ena noodlescoop."
Crazy Yiuf barely misses you.
You hit Crazy Yiuf. You hit Crazy Yiuf but do no damage.
Crazy Yiuf is heavily wounded.
You feel very sick.
Crazy Yiuf hits you with a +4 quarterstaff of chaos!
You bump into the stone wall.
You feel sick.
Crazy Yiuf says, "Castle!
Key tea hand."
Crazy Yiuf completely misses you.
You bump into the rock wall.
You feel less confused.
You feel sick.
Crazy Yiuf hits you with a +4 quarterstaff of chaos!
* * * LOW HITPOINT WARNING * * *
You are confused.
You feel invigorated.
You feel sick. Crazy Yiuf completely misses you.
You're too confused to move!
You feel sick.
Crazy Yiuf hits you with a +4 quarterstaff of chaos!
* * * LOW HITPOINT WARNING * * *
You feel very mighty all of a sudden.
You barely miss Crazy Yiuf. You closely miss Crazy Yiuf.
Crazy Yiuf is heavily wounded.
You feel sick.
Crazy Yiuf flaps his cloak.
Crazy Yiuf hits you with a +4 quarterstaff of chaos!
You die...

..(.######.###....####.........#.
....# #.# #....# #.######...#
##### #.# #....# #..## #...# #.#
#...## #...####.... ####### #.#
##.## #...#....... ......# #.#
#.## #.#.#.##.#.. ..###.####.#
##.# #...).##.#.. <..........#
#.## #.#.#.##.... ..###.######
##@# ###.#.####.. ......# #g#
#....)...... ..##### ...
###.#)###.#. ### #...# ###.#.#
#.## #..)# #.....# #... #####
###.#.# ###. #...#.# #. ###
#########.#####.
#.###.......#.......


You could see Crazy Yiuf.

Vanquished Creatures
  Robin (D:2)
  2 dart slugs (D:2)
  2 bats
  2 endoplasms (D:2)
  3 giant cockroaches (D:2)
  13 goblins
  4 hobgoblins
  2 ball pythons (D:2)
  2 frilled lizards
  10 kobolds
  4 rats
45 creatures vanquished.

Notes
Turn   | Place    | Note
-------+----------+-------------------------------------------
     0 | D:1      | innerfire43 the Demonspawn Monk began the quest for the
                  | Orb.
     0 | D:1      | Reached XP level 1. HP: 18/18 MP: 1/1
    23 | D:1      | Found Wezuit Hoju's Antique Weapon Shoppe.
    94 | D:1      | Found Apnaij's Armour Emporium.
   128 | D:1      | Found Raxki's Magic Scroll Shop.
   191 | D:1      | Gained mutation: You sometimes gain a little power by
                  | taking damage. [demonic ancestry]
   191 | D:1      | Reached XP level 2. HP: 24/24 MP: 2/2
   271 | D:1      | Found Irownig's Magic Scroll Shoppe.
   458 | D:1      | Identified a scroll of acquirement
   458 | D:1      | Acquired the staff of Disgust {Str+3 Earth}
   545 | D:2      | Noticed Robin
   568 | D:2      | Gained mutation: You have a small tail. [demonic ancestry]
   568 | D:2      | Reached XP level 3. HP: 12/29 MP: 3/3
   571 | D:2      | Killed Robin
   572 | D:2      | Reached skill level 1 in Staves
   644 | D:2      | Reached skill level 1 in Evocations
   685 | D:2      | Reached skill level 1 in Earth Magic
   802 | D:2      | Found a runed translucent door.
   803 | D:2      | Noticed Crazy Yiuf
  1044 | D:2      | Reached XP level 4. HP: 32/35 MP: 4/4
  1183 | D:2      | Mangled by Crazy Yiuf

Illustrated notes

Levels and vault maps discovered:
D:1:      grunt_arrival_crossed_arrows, layout_rooms, serial_shops,
          nicolae_shop_tiny_real_fake_doors, shop, nicolae_shop_tiny_waterfront,
          shop_coins
D:2:      layout_loops_cross, uniq_crazy_yiuf_cottage, uniq_robin

Skill      XL: |  1  2  3 |
---------------+----------+-----
Staves         | 1 |  1.4
Evocations     | 1 |  1.3
Earth Magic    | 1 |  1.2
Fighting       | |  3.2
Axes           | |  2.9
Dodging        | |  2.9

Action                     |  1- 3 |  4- 6 || total
---------------------------+-------+-------++-------
  Melee: Hand axe          |    24 |       ||    24
         Staff             |   114 |    10 ||   124
         Tailslap          |    10 |     2 ||    12
    Use: Potion            |     2 |     1 ||     3
         Scroll            |     1 |       ||     1
 Armour: Robe              |    19 |       ||    19
  Dodge: Dodged            |    65 |     5 ||    70

Table legend: (Time is in decaauts)
 A = Elapsed time spent in this place.
 B = Non-inter-level travel time spent in this place.
 C = Inter-level travel time spent in this place.
 D = Time resting spent in this place.
 E = Time spent auto-exploring this place.
 F = Levels seen in this place.
 G = Mean time per level.
                   A        B        C        D        E       F      G
               +--------+--------+--------+--------+--------+-----+--------+
         Total |   1196 |   1175 |     21 |      0 |    923 |   2 |  598.0 |
       Dungeon |   1196 |   1175 |     21 |      0 |    923 |   2 |  598.0 |
               +--------+--------+--------+--------+--------+-----+--------+

Top non-repeatable levels by time:
     D:2: 709 daAuts
     D:1: 486 daAuts
